 Dungeon Crawl Stone Soup version 0.31-a0-277-g31ea1f65cc (webtiles) character file.

Game seed: 7236809668488854656

321 LustLizard the Ruffian (level 6, -12/42 HPs)
             Began as an Octopode Shapeshifter on July 15, 2023.
             Mangled by Crazy Yiuf
             ... wielding a +2 quarterstaff of chaos
              (17 damage)
             ... while paralysed by Crazy Yiuf
             ... on level 3 of the Dungeon.
             The game lasted 00:03:16 (2107 turns).

LustLizard the Ruffian (Octopode Shapeshifter)      Turns: 2107, Time: 00:03:17

Health: -12/42     AC:  1    Str: 17    XL:     6   Next: 46%
Magic:  0/6        EV:  2    Int: 10    God:
Gold:   167        SH:  0    Dex: 12    Spells: 5/5 levels left

rFire   . .          .
                       - Unarmed
rCold   . . .        (no shield)
rNeg    . . .        (helmet currently unavailable)
rPois   .            (no amulet)
rElec   .            (no ring)
rCorr   .            (no ring)
SInv    .            (no ring)
Will    .....        (no ring)
Stlth   ++           (no ring)
HPRegen 0.27/turn    (no ring)
MPRegen 0.10/turn    (no ring)
                     (no ring)

%: no passive effects
@: paralysed, lethally poisoned (-12 -> -27), beast-form
A: beast (slay +2), almost no armour, amphibious, 8 rings, camouflage 1,
gelatinous body 1, (nimble swimmer 1), tentacles
a: Begin Untransformation


You were on level 3 of the Dungeon.
You were a hulking beast.
You visited 1 branch of the dungeon, and saw 3 of its levels.

You collected 167 gold pieces.

Inventory:

Missiles
 e - 5 poisoned darts
Jewellery
 n - a ring of ice
Talismans
 b - a beast talisman
 i - a serpent talisman
Wands
 o - a wand of charming (13)
 q - a wand of flame (8)
Scrolls
 c - a scroll of teleportation {unknown}
 g - a scroll of vulnerability {unknown}
 h - 2 scrolls of fog {unknown}
 j - a scroll of amnesia {unknown}
 l - 2 scrolls of enchant weapon {unknown}
 p - a scroll of blinking {unknown}
Potions
 a - a potion of lignification
 d - a potion of experience {unknown}
 f - 2 potions of invisibility {unknown}
 k - a potion of enlightenment {unknown}
 m - a potion of heal wounds {unknown}


   Skills:
 + Level 3.6 Fighting
 - Level 2.0 Dodging
 * Level 4.9 Unarmed Combat
 + Level 4.0 Shapeshifting


You had 5 spell levels left.
You didn't know any spells.
Your spell library contained the following spells:

 Spells                   Type           Power      Damage    Failure   Level
 Cigotuvi's Dreadful Rot  Necr/Pois/Air  0%         N/A       50%         2
 Ignite Poison            Fire/Tmut/Pois 0%         N/A       75%         3
 Freezing Cloud           Conj/Ice/Air   0%         6-21      100%        5


Dungeon Overview and Level Annotations

Branches:
Dungeon (3/15)

Altars:
Hepliaklqana

Annotations:
D:3 Crazy Yiuf


Innate Abilities, Weirdness & Mutations

You are a hulking beast.
Your limbs bulge with bestial killing power. (Slay +2)
You cannot wear most types of armour.
You are amphibious.
You can wear up to eight rings at the same time.
Your skin changes colour to match your surroundings (Stealth+).
Your rubbery body absorbs attacks. (AC +1, EV +1)
((You are camouflaged when in or above water. (Stealth+)))
You have tentacles for arms and can constrict up to eight enemies at once.


Message History

The worm is moderately wounded.
You constrict the worm. The worm misses you.
You tentacle-slap the worm. You squeeze the worm.
You kill the worm!
Your Shapeshifting skill increases to level 4!
No target in view!
You see here a worm corpse.
A dart slug comes into view.
A dart slug is nearby!
You tentacle-slap the dart slug. You grab the dart slug.
You squeeze the dart slug.
You kill the dart slug!
No target in view!
Found a scale mail.
Found a hazy altar of Hepliaklqana.
There is an empty arch of ancient stone here.
Found three hammers.
Found a runed translucent door.
You see here a +0 hammer.
Found a hammer.
You open the door.
There is an open translucent door here.
Crazy Yiuf shouts!
Crazy Yiuf hits you with a +2 quarterstaff of chaos.
You tentacle-slap Crazy Yiuf. You grab Crazy Yiuf. You squeeze Crazy Yiuf.
Crazy Yiuf is moderately wounded.
You constrict Crazy Yiuf.
Crazy Yiuf hits you with a +2 quarterstaff of chaos!
You feel your power leaking away.
You tentacle-slap Crazy Yiuf. You squeeze Crazy Yiuf.
Crazy Yiuf is severely wounded.
You constrict Crazy Yiuf, but do no damage.
Crazy Yiuf hits you with a +2 quarterstaff of chaos.
You suddenly lose the ability to move!
You lose your grip on Crazy Yiuf.
Crazy Yiuf hits you with a +2 quarterstaff of chaos!
* * * LOW HITPOINT WARNING * * *
You are lethally poisoned!
* * * LOW HITPOINT WARNING * * *
You feel very sick.
Crazy Yiuf hits you with a +2 quarterstaff of chaos!
You die...

..###.# #.#................###.#.
......###.####.#.#.##......# #...
...............#.#.##......#####.
#.##..###.###################....
............# #..#..
#.##.####.### #..### #.##.# #.#
##### ♣♣##..# ..##.# #.###
#)).#♣♣ ♣♣.....### ####.####...#
#gh.'.♣♣♣♣...)....# ............#
#)..#♣.)♣.......#.# ............#
#####♣♣♣.♣)......[. .....####...#
♣♣♣♣♣##..#.# #....####...# #.....
........#...######### ######..#..
...........##..#...[###.......#..
#....##.#.###................))).
#....##.#.# #..#.#...##...##..#..


You could see Crazy Yiuf.

Vanquished Creatures
  Sigmund (D:3)
  Ijyb (D:3)
  Natasha (twice) (D:3)
  2 adders
  3 worms
  4 dart slugs
  An orc (D:3)
  3 ball pythons (D:1)
  4 bats (D:3)
  5 endoplasms
  5 giant cockroaches
  7 goblins
  3 hobgoblins (D:1)
  7 kobolds
  3 quokkas
  3 frilled lizards
  A rat (D:3)
55 creatures vanquished.

Notes
Turn   | Place    | Note
-------+----------+-------------------------------------------
     0 | D:1      | LustLizard the Octopode Shapeshifter began the quest for
                  | the Orb.
     0 | D:1      | Reached XP level 1. HP: 14/14 MP: 1/1
    16 | D:1      | You fall into a shaft and drop 1 floor!
    78 | D:1      | Reached XP level 2. HP: 19/19 MP: 2/2
   595 | D:2      | Reached XP level 3. HP: 25/25 MP: 3/3
  1187 | D:3      | Reached XP level 4. HP: 30/30 MP: 4/4
  1287 | D:3      | Noticed Sigmund
  1462 | D:3      | Killed Sigmund
  1463 | D:3      | Reached XP level 5. HP: 18/36 MP: 5/5
  1463 | D:3      | Reached XP level 6. HP: 21/42 MP: 6/6
  1542 | D:3      | Noticed Natasha
  1549 | D:3      | Killed Natasha
  1631 | D:3      | Noticed Ijyb
  1646 | D:3      | Killed Ijyb
  1659 | D:3      | Noticed Natasha
  1672 | D:3      | Killed Natasha
  2033 | D:3      | Found a hazy altar of Hepliaklqana.
  2096 | D:3      | Found a runed translucent door.
  2097 | D:3      | Noticed Crazy Yiuf
  2105 | D:3      | Paralysed by Crazy Yiuf for 3 turns
  2107 | D:3      | Mangled by Crazy Yiuf

Illustrated notes

Levels and vault maps discovered:
D:1:      dpeg_arrival_rooms_a, layout_basic
D:2:      layout_loops_cross, minmay_cupped
D:3:      layout_basic, nzn_hepliaklqana_mist_gate,
          mainiacjoe_overflow_alcove_1, minmay_misc_feat_five,
          hangedman_decor_points, minmay_surrounded, uniq_natasha, uniq_ijyb,
          uniq_crazy_yiuf_cottage, uniq_sigmund

Skill      XL: |  1  2  3  4  5  6 |
---------------+-------------------+-----
Unarmed Combat | 3 4 |  4.9
Fighting       | 3 |  3.6
Shapeshifting  | 4 |  4.0
Dodging        | |  2.0

Action                     |  1- 3 |  4- 6 || total
---------------------------+-------+-------++-------
  Melee: Unarmed           |    52 |    51 ||   103
         Tentacles         |    19 |    18 ||    37
         Constrict         |    13 |    16 ||    29
         Punch             |     1 |     4 ||     5
    Use: Scroll            |     1 |       ||     1
   Stab: Sleeping          |    10 |     1 ||    11
         Distracted        |       |     1 ||     1
 Armour: Skin              |     1 |     5 ||     6
  Dodge: Dodged            |    18 |    20 ||    38

Table legend: (Time is in decaauts)
 A = Elapsed time spent in this place.
 B = Non-inter-level travel time spent in this place.
 C = Inter-level travel time spent in this place.
 D = Time resting spent in this place.
 E = Time spent auto-exploring this place.
 F = Levels seen in this place.
 G = Mean time per level.
                   A        B        C        D        E       F      G
               +--------+--------+--------+--------+--------+-----+--------+
         Total |   2100 |   2024 |     76 |    251 |   1405 |   3 |  700.0 |
       Dungeon |   2100 |   2024 |     76 |    251 |   1405 |   3 |  700.0 |
               +--------+--------+--------+--------+--------+-----+--------+

Top non-repeatable levels by time:
     D:3: 822 daAuts
     D:2: 716 daAuts
     D:1: 560 daAuts
